 Dungeon Crawl Stone Soup version 0.26-a0-652-gafc20e3620 (webtiles) character file.

Game seed: 1483496252289666801

57 GarryLv the Sneak (level 3, -2/18 HPs)
             Began as a Spriggan Brigand on Oct 2, 2020.
             Was a Follower of Uskayaw.
             Killed from afar by Sigmund (7 damage)
             ... with a puff of flame
             ... on level 2 of the Dungeon.
             The game lasted 00:13:43 (1593 turns).

GarryLv the Sneak (Spriggan Brigand)                Turns: 1593, Time: 00:13:44

Health: -2/18      AC:  3    Str:  7    XL:     3   Next: 73%
Magic:  4/4        EV: 17    Int: 12    God:    Uskayaw [*.....]
Gold:   43         SH:  0    Dex: 18    Spells: 2/2 levels left

rFire    . . .     SeeInvis +   g - +1 short sword (freeze)
rCold    . . .     Faith    .   (shield restricted)
rNeg     . . .     Spirit   .   m - +0 robe
rPois    .         Reflect  .   (helmet restricted)
rElec    .         Harm     .   c - +0 cloak
rCorr    .         Rampage  .   (gloves unavailable)
MR       .....                  (boots unavailable)
Stlth    ++++......             (no amulet)
HPRegen  0.06/turn              (no ring)
MPRegen  0.09/turn              (no ring)

@: very quick
A: very small, unfitting armour, see invisible, speed 3
a: Stomp, Renounce Religion


You were on level 2 of the Dungeon.
You worshipped Uskayaw.
Uskayaw was noncommittal.
You visited 1 branch of the dungeon, and saw 2 of its levels.

You collected 43 gold pieces.

Inventory:

Hand Weapons
 a - a +2 dagger
 g - a +1 short sword of freezing (weapon)
 h - a +0 hunting sling
 j - a +0 short sword
Missiles
 d - 20 poisoned darts (quivered)
 e - 2 curare-tipped darts
 f - 19 sling bullets
Armour
 b - a +0 robe
 c - a +0 cloak (worn)
 m - a +0 robe (worn)
Jewellery
 n - a cursed ring of attention {unknown}
Potions
 i - a potion of ambrosia
 k - a potion of curing {unknown}
 l - a potion of haste {unknown}


   Skills:
 + Level 1.8 Fighting
 + Level 2.6 Short Blades
 + Level 2.5 Throwing
 + Level 1.6 Dodging
 + Level 7.1 Stealth


You had 2 spell levels left.
You didn't know any spells.
Your spell library was empty.

Dungeon Overview and Level Annotations

Branches:
Dungeon (2/15)

Altars:
Uskayaw

Annotations:
D:2 Sigmund


Innate Abilities, Weirdness & Mutations

You are very small and have problems with some larger weapons.
You are too small for most types of armour.
You have supernaturally acute eyesight. (SInv)
You cover ground extremely quickly.


Message History

You see here a poisoned dart.
You see here a poisoned dart.
d - 20 poisoned darts (gained 1) Sigmund shouts!
Sigmund barely misses you.
You hit Sigmund. You freeze Sigmund.
Sigmund is lightly wounded.
Sigmund hits you with a +2 scythe of venom!
Ouch! That really hurt!
* * * LOW HITPOINT WARNING * * *
You can now stomp with the beat.
Really walk into that dispersal trap?
You enter a dispersal trap!
Sigmund blinks! x2; You blink.
Sigmund casts a spell.
Sigmund flickers and vanishes for a moment.
You see here 24 stones.
Sigmund's eyes start glowing with a red light.
Sigmund gestures at you while chanting. The puff of flame hits you!
You die...

.(..#.#.#.#........,,,,,*
#.†...#.#.#....<.,*.#**,*
......#.....)#.####.#,,,*
#.#.................#,***
#.##.....#).#.......#,*
..<....>.#.....#....#,*
###.........#.##....#,*
**#.#.######...#.#..#,*
,,#.#...........@.#**,*
*,#.##......#..[..###.#
#.#..............<....#
#...........####..#####
#####.......# #..#
............# #..###****
.##.).......####..#....,*
.##...######..†.@##.#.#**
.##...# #.###(##.#.#


You could see Sigmund (invisible).

Vanquished Creatures
  3 adders (D:2)
  2 dart slugs (D:1)
  A ball python (D:1)
  5 bats
  A giant cockroach (D:1)
  3 goblins
  2 hobgoblins (D:2)
  3 frilled lizards
  3 kobolds (D:1)
  9 rats
32 creatures vanquished.

Notes
Turn   | Place    | Note
-------+----------+-------------------------------------------
     0 | D:1      | GarryLv the Spriggan Brigand began the quest for the Orb.
     0 | D:1      | Reached XP level 1. HP: 10/10 MP: 2/2
   180 | D:1      | Reached skill level 6 in Stealth
   388 | D:1      | Reached XP level 2. HP: 14/14 MP: 3/3
  1202 | D:1      | You fall into a shaft and drop 1 floor!
  1203 | D:2      | Reached XP level 3. HP: 18/18 MP: 4/4
  1229 | D:2      | Reached skill level 7 in Stealth
  1455 | D:2      | Noticed a +0 hand axe
  1455 | D:2      | Noticed a +0 hand axe
  1458 | D:2      | Found a hide-covered altar of Uskayaw.
  1488 | D:2      | Noticed Sigmund
  1518 | D:2      | Became a worshipper of Uskayaw the Reveler
  1567 | D:2      | Reached * piety under Uskayaw
  1593 | D:2      | Killed from afar by Sigmund

Illustrated notes

Levels and vault maps discovered:
D:1:      mrwooster_arrival_statue_2, layout_basic,
          chequers_serial_rivers_micro_b, grunt_decor_one_mirror, st_stairs_8
D:2:      layout_basic, dancing_weapons_uskayaw, uniq_sigmund

Skill      XL: |  1  2  3 |
---------------+----------+-----
Stealth        | 6 7 |  7.1
Fighting       | |  1.8
Short Blades   | |  2.6
Throwing       | |  2.5
Dodging        | |  1.6

Action                   || total
-------------------------++-------
Melee: Dagger            ||    28
       Short sword       ||    28
Throw: Dart              ||    20
  Use: Scroll            ||     4
 Stab: Sleeping          ||     9
       Distracted        ||     1
Armor: Robe              ||     9
Dodge: Dodged            ||    34

Table legend: (Time is in decaauts)
 A = Elapsed time spent in this place.
 B = Non-inter-level travel time spent in this place.
 C = Inter-level travel time spent in this place.
 D = Time resting spent in this place.
 E = Time spent auto-exploring this place.
 F = Levels seen in this place.
 G = Mean time per level.
                   A        B        C        D        E       F      G
               +--------+--------+--------+--------+--------+-----+--------+
         Total |   1065 |    926 |    139 |    152 |      0 |   2 |  532.5 |
       Dungeon |   1065 |    926 |    139 |    152 |      0 |   2 |  532.5 |
               +--------+--------+--------+--------+--------+-----+--------+

Top non-repeatable levels by time:
     D:1: 779 daAuts
     D:2: 286 daAuts
